General information
			
			
        
        - name: BNet
 
        - type: Ladder team game (AT/RT)
 
        - host: Battle.net
 
        - saver: gotenkspowerDBZ
 
        
map: Deadlock 
        - players: 8
 
        - length: 78:22
 
        - speed: Fast
 - version: 1.22 W3XP
 - replay type:  Public
 
» download(278 KB)
Players
        team 1 (loser) 
              
              
» 
GeneralSpecific (
orange | 23 APM | 1803 actions | 78:22)
              
 4 Death Knight 
 2 Death Coil
 2 Unholy Aura
 1 Lich 
 1 Frost Nova
 
                » actions 
                
                | Assign group hotkey | 48 |  | 
| Basic commands | 106 |  | 
| Build / train | 110 |  | 
| Enter build submenu | 27 |  | 
| Enter hero's abilities submenu | 5 |  | 
| Remove unit from queue | 4 |  | 
| Right click | 578 |  | 
| Select / deselect | 546 |  | 
| Select group hotkey | 304 |  | 
| Use ability | 74 |  | 
                1803 total
 » units 
                
                | Acolyte | 39 |  | 
| Ghoul | 14 |  | 
| Gargoyle | 8 |  | 
| Frost Wyrm | 21 |  | 
                82 total
 » upgrades
                
                | Creature Attack | 3 |  | 
| Creature Carapace | 3 |  | 
                6 total
 » buildings
                
                | Ziggurat | 8 |  | 
| Altar of Darkness | 1 |  | 
| Crypt | 2 |  | 
| Tomb of Relics | 1 |  | 
| Halls of the Dead | 6 |  | 
| Graveyard | 1 |  | 
| Black Citadel | 4 |  | 
| Sacrificial Pit | 1 |  | 
| Boneyard | 2 |  | 
| Necropolis | 3 |  | 
                29 total
 » build order
                00:11 Ziggurat
00:14 Altar of Darkness
00:35 Crypt
00:51 Tomb of Relics
01:21 Ziggurat
02:05 Crypt
03:48 Halls of the Dead
03:48 Halls of the Dead
03:48 Halls of the Dead
04:15 Graveyard
08:17 Ziggurat
08:23 Ziggurat
10:51 Ziggurat
11:05 Black Citadel
11:05 Black Citadel
11:06 Black Citadel
12:22 Sacrificial Pit
12:34 Ziggurat
12:38 Ziggurat
13:30 Boneyard
13:50 Boneyard
21:25 Necropolis
31:16 Halls of the Dead
33:11 Necropolis
33:27 Ziggurat
34:37 Black Citadel
44:36 Necropolis
» items
                 
               
              
              
rAnDii (
purple | 13 APM | 1019 actions | 78:22)
              
 3 Mountain King 
 2 Storm Bolt
 1 Bash
 1 Pandaren Brewmaster 
 1 Drunken Brawler
 
                » actions 
                
                | Build / train | 66 |  | 
| Enter build submenu | 42 |  | 
| Enter hero's abilities submenu | 4 |  | 
| Remove unit from queue | 1 |  | 
| Right click | 494 |  | 
| Select / deselect | 367 |  | 
| Use ability | 45 |  | 
                1019 total
 » units 
                
                | Peasant | 6 |  | 
| Footman | 17 |  | 
| Rifleman | 16 |  | 
| Gryphon Rider | 1 |  | 
                40 total
 » upgrades
                
                | Defend | 1 |  | 
| Long Rifles | 1 |  | 
| Gunpowder | 3 |  | 
| Plating | 3 |  | 
| Armor | 2 |  | 
| Swords | 3 |  | 
| Priest Training | 1 |  | 
| Animal War Training | 1 |  | 
| Storm Hammers | 1 |  | 
                16 total
 » buildings
                
                | Altar of Kings | 2 |  | 
| Farm | 17 |  | 
| Barracks | 4 |  | 
| Lumber Mill | 2 |  | 
| Keep | 2 |  | 
| Blacksmith | 1 |  | 
| Arcane Vault | 2 |  | 
| Arcane Sanctum | 1 |  | 
| Castle | 1 |  | 
| Gryphon Aviary | 1 |  | 
| Town Hall | 2 |  | 
                35 total
 » build order
                00:04 Altar of Kings
00:11 Farm
00:35 Barracks
01:30 Lumber Mill
01:59 Barracks
02:21 Farm
03:04 Farm
03:44 Farm
05:50 Farm
05:53 Farm
06:43 Keep
07:36 Farm
07:41 Blacksmith
08:30 Farm
09:03 Arcane Vault
12:40 Farm
12:53 Arcane Sanctum
14:38 Castle
14:47 Farm
14:51 Farm
18:51 Farm
20:09 Gryphon Aviary
21:31 Farm
22:28 Town Hall
36:37 Town Hall
37:22 Altar of Kings
37:30 Farm
37:51 Barracks
38:04 Barracks
38:16 Lumber Mill
38:28 Farm
39:06 Arcane Vault
39:35 Farm
40:10 Keep
40:20 Farm
 
               
              
              
gotenkspowerDBZ (
green | 50 APM | 3929 actions | 78:22)
              
 10 Paladin 
 3 Holy Light
 3 Divine Shield
 3 Devotion Aura
 1 Resurrection
 
                » actions 
                
                | Assign group hotkey | 40 |  | 
| Basic commands | 423 |  | 
| Build / train | 108 |  | 
| ESC pressed | 8 |  | 
| Enter build submenu | 96 |  | 
| Enter hero's abilities submenu | 10 |  | 
| Give item / drop item | 8 |  | 
| Remove unit from queue | 2 |  | 
| Right click | 1017 |  | 
| Select / deselect | 620 |  | 
| Select group hotkey | 1406 |  | 
| Use ability | 191 |  | 
                3929 total
 » units 
                
                | Peasant | 20 |  | 
| Gryphon Rider | 10 |  | 
| Acolyte | 2 |  | 
| Knight | 5 |  | 
| Ghoul | 13 |  | 
                50 total
 » upgrades
                
                | Swords | 3 |  | 
| Armor | 4 |  | 
| Gunpowder | 3 |  | 
| Lumber Harvesting | 1 |  | 
| Masonry | 3 |  | 
| Storm Hammers | 1 |  | 
| Animal War Training | 1 |  | 
| Plating | 3 |  | 
| Unholy Strength | 1 |  | 
                20 total
 » buildings
                
                | Altar of Kings | 1 |  | 
| Farm | 30 |  | 
| Lumber Mill | 1 |  | 
| Scout Tower | 37 |  | 
| Arcane Tower | 1 |  | 
| Guard Tower | 12 |  | 
| Town Hall | 5 |  | 
| Keep | 1 |  | 
| Blacksmith | 1 |  | 
| Castle | 1 |  | 
| Gryphon Aviary | 4 |  | 
| Halls of the Dead | 1 |  | 
| Sacrificial Pit | 5 |  | 
| Barracks | 3 |  | 
                103 total
 » build order
                00:11 Altar of Kings
00:16 Farm
01:10 Farm
01:32 Lumber Mill
01:52 Scout Tower
02:10 Scout Tower
02:32 Arcane Tower
02:37 Scout Tower
02:40 Guard Tower
03:23 Guard Tower
03:36 Farm
04:28 Town Hall
04:33 Keep
05:00 Blacksmith
06:55 Castle
07:55 Gryphon Aviary
07:56 Gryphon Aviary
07:57 Gryphon Aviary
07:58 Gryphon Aviary
08:02 Farm
08:05 Farm
09:43 Farm
09:47 Farm
10:43 Farm
11:04 Farm
11:07 Farm
11:34 Farm
11:38 Farm
13:55 Scout Tower
13:56 Scout Tower
13:56 Scout Tower
13:57 Scout Tower
13:59 Scout Tower
14:51 Scout Tower
14:52 Scout Tower
14:53 Scout Tower
14:54 Scout Tower
14:56 Scout Tower
15:00 Guard Tower
15:02 Scout Tower
15:02 Scout Tower
15:03 Scout Tower
15:03 Scout Tower
15:40 Farm
15:42 Guard Tower
17:44 Scout Tower
17:45 Scout Tower
17:46 Scout Tower
17:50 Guard Tower
17:56 Guard Tower
19:16 Guard Tower
23:19 Farm
23:20 Farm
23:21 Farm
23:22 Farm
23:24 Farm
23:31 Farm
23:32 Farm
23:34 Farm
23:36 Farm
23:38 Farm
23:41 Farm
23:44 Farm
24:10 Farm
24:10 Farm
24:10 Farm
24:12 Farm
24:13 Farm
24:23 Town Hall
24:56 Town Hall
28:36 Halls of the Dead
33:37 Sacrificial Pit
33:41 Sacrificial Pit
33:45 Sacrificial Pit
35:30 Barracks
35:31 Barracks
35:32 Barracks
36:03 Scout Tower
36:57 Scout Tower
36:58 Scout Tower
36:58 Scout Tower
36:59 Scout Tower
37:00 Guard Tower
38:23 Guard Tower
38:30 Scout Tower
38:30 Scout Tower
38:31 Scout Tower
38:31 Scout Tower
38:55 Sacrificial Pit
39:21 Guard Tower
39:23 Scout Tower
39:24 Scout Tower
39:25 Scout Tower
39:26 Scout Tower
40:06 Guard Tower
40:09 Scout Tower
40:10 Scout Tower
40:10 Scout Tower
40:11 Scout Tower
40:42 Guard Tower
43:42 Sacrificial Pit
50:31 Town Hall
52:59 Town Hall
» items
                
                | Staff of Teleportation | 1 |  | 
| Boots of Speed | 1 |  | 
| Orb of Corruption | 1 |  | 
| Scroll of Healing | 3 |  | 
| Potion of Invisibility | 1 |  | 
| Potion of Lesser Invulnerability | 1 |  | 
                8 total
  
               
              
              
cardiomyopathy (
pink | 41 APM | 836 actions | 20:28)
              
 4 Death Knight 
 1 Death Coil
 2 Death Pact
 1 Unholy Aura
 
                » actions 
                
                | Assign group hotkey | 16 |  | 
| Basic commands | 4 |  | 
| Build / train | 58 |  | 
| Enter build submenu | 16 |  | 
| Enter hero's abilities submenu | 4 |  | 
| Give item / drop item | 4 |  | 
| Right click | 393 |  | 
| Select / deselect | 107 |  | 
| Select group hotkey | 209 |  | 
| Use ability | 25 |  | 
                836 total
 » units 
                
                | Acolyte | 7 |  | 
| Ghoul | 22 |  | 
| Frost Wyrm | 6 |  | 
                35 total
 » upgrades
                
                | Cannibalize | 1 |  | 
| Ghoul Frenzy | 1 |  | 
| Freezing Breath | 1 |  | 
| Creature Attack | 2 |  | 
| Creature Carapace | 1 |  | 
                6 total
 » buildings
                
                | Crypt | 2 |  | 
| Ziggurat | 10 |  | 
| Altar of Darkness | 1 |  | 
| Nerubian Tower | 3 |  | 
| Halls of the Dead | 3 |  | 
| Graveyard | 1 |  | 
| Black Citadel | 1 |  | 
| Sacrificial Pit | 1 |  | 
| Boneyard | 3 |  | 
| Tomb of Relics | 1 |  | 
| Spirit Tower | 2 |  | 
                28 total
 » build order
                00:35 Crypt
00:38 Crypt
01:17 Ziggurat
01:20 Ziggurat
02:20 Altar of Darkness
02:39 Nerubian Tower
02:39 Nerubian Tower
04:23 Halls of the Dead
04:24 Halls of the Dead
04:42 Ziggurat
05:46 Nerubian Tower
05:51 Graveyard
06:45 Black Citadel
07:00 Sacrificial Pit
09:43 Boneyard
09:48 Boneyard
10:20 Boneyard
10:26 Ziggurat
10:28 Ziggurat
10:31 Ziggurat
11:42 Ziggurat
11:56 Tomb of Relics
15:14 Ziggurat
15:15 Ziggurat
15:17 Ziggurat
17:54 Spirit Tower
18:05 Spirit Tower
» items
                 
               team 2 (winner) 
              
              
» 
llCaoCaoll (
blue | 37 APM | 158 actions | 04:12)
              
                » actions 
                
                | Assign group hotkey | 2 |  | 
| Build / train | 20 |  | 
| ESC pressed | 1 |  | 
| Enter build submenu | 10 |  | 
| Right click | 30 |  | 
| Select / deselect | 74 |  | 
| Select group hotkey | 8 |  | 
| Use ability | 13 |  | 
                158 total
 » units 
                » buildings
                
                | Altar of Elders | 1 |  | 
| Moon Well | 3 |  | 
| Ancient of War | 1 |  | 
| Hunter's Hall | 1 |  | 
| Ancient of Wonders | 1 |  | 
| Ancient Protector | 2 |  | 
                9 total
 » build order
                00:06 Altar of Elders
00:15 Moon Well
00:20 Ancient of War
01:44 Hunter's Hall
02:04 Moon Well
02:22 Ancient of Wonders
02:50 Moon Well
03:35 Ancient Protector
03:40 Ancient Protector
 
               
              
              
» 
silver-ninja (
teal | 48 APM | 191 actions | 03:58)
              
 1 Death Knight 
 1 Death Coil
 
                » actions 
                
                | Build / train | 25 |  | 
| Enter build submenu | 17 |  | 
| Enter hero's abilities submenu | 1 |  | 
| Right click | 70 |  | 
| Select / deselect | 63 |  | 
| Use ability | 15 |  | 
                191 total
 » units 
                
                | Acolyte | 2 |  | 
| Peasant | 5 |  | 
| Ghoul | 10 |  | 
| Footman | 5 |  | 
                22 total
 » buildings
                
                | Barracks | 2 |  | 
| Farm | 6 |  | 
| Crypt | 2 |  | 
| Ziggurat | 3 |  | 
| Altar of Kings | 1 |  | 
| Altar of Darkness | 1 |  | 
                15 total
 » build order
                00:16 Barracks
00:19 Farm
00:25 Crypt
00:28 Ziggurat
00:35 Altar of Kings
00:41 Altar of Darkness
01:11 Farm
01:37 Ziggurat
01:54 Farm
01:57 Farm
02:06 Barracks
02:23 Ziggurat
02:30 Crypt
02:48 Farm
03:41 Farm
 
               
              
              
avid.milk26 (
red | 49 APM | 3878 actions | 78:22)
              
 8 Archmage 
 3 Blizzard
 3 Brilliance Aura
 1 Mass Teleport
 1 Summon Water Elemental
 8 Mountain King 
 3 Thunder Clap
 3 Bash
 1 Avatar
 1 Storm Bolt
 2 Keeper of the Grove 
 1 Entangling Roots
 1 Thorns Aura
 7 Death Knight 
 3 Unholy Aura
 2 Death Coil
 1 Animate Dead
 1 Death Pact
 
                » actions 
                
                | Assign group hotkey | 62 |  | 
| Basic commands | 138 |  | 
| Build / train | 227 |  | 
| ESC pressed | 8 |  | 
| Enter build submenu | 90 |  | 
| Enter hero's abilities submenu | 25 |  | 
| Give item / drop item | 7 |  | 
| Right click | 1494 |  | 
| Select / deselect | 763 |  | 
| Select group hotkey | 834 |  | 
| Use ability | 230 |  | 
                3878 total
 » units 
                
                | Peasant | 34 |  | 
| Footman | 8 |  | 
| Ghoul | 4 |  | 
| Huntress | 4 |  | 
| Wisp | 3 |  | 
| Archer | 12 |  | 
| Rifleman | 24 |  | 
| Crypt Fiend | 6 |  | 
| Necromancer | 9 |  | 
| Acolyte | 5 |  | 
| Banshee | 1 |  | 
| Frost Wyrm | 3 |  | 
| Siege Engine | 9 |  | 
                122 total
 » upgrades
                
                | Strength of the Moon | 2 |  | 
| Defend | 1 |  | 
| Moon Armor | 2 |  | 
| Creature Attack | 3 |  | 
| Web | 1 |  | 
| Masonry | 4 |  | 
| Gunpowder | 5 |  | 
| Long Rifles | 2 |  | 
| Skeletal Longevity | 1 |  | 
| Creature Carapace | 2 |  | 
| Necromancer Training | 2 |  | 
| Skeletal Mastery | 1 |  | 
| Freezing Breath | 1 |  | 
| Armor | 2 |  | 
| Lumber Harvesting | 2 |  | 
| Barrage | 1 |  | 
| Plating | 1 |  | 
                33 total
 » buildings
                
                | Altar of Kings | 1 |  | 
| Farm | 13 |  | 
| Scout Tower | 44 |  | 
| Arcane Tower | 1 |  | 
| Arcane Vault | 2 |  | 
| Lumber Mill | 2 |  | 
| Guard Tower | 12 |  | 
| Blacksmith | 2 |  | 
| Ancient of Wonders | 1 |  | 
| Moon Well | 4 |  | 
| Ancient Protector | 2 |  | 
| Halls of the Dead | 2 |  | 
| Graveyard | 1 |  | 
| Ziggurat | 6 |  | 
| Tomb of Relics | 1 |  | 
| Nerubian Tower | 1 |  | 
| Keep | 2 |  | 
| Tree of Ages | 1 |  | 
| Ancient of War | 1 |  | 
| Barracks | 2 |  | 
| Black Citadel | 1 |  | 
| Temple of the Damned | 2 |  | 
| Necropolis | 1 |  | 
| Spirit Tower | 2 |  | 
| Town Hall | 3 |  | 
| Sacrificial Pit | 1 |  | 
| Tree of Eternity | 2 |  | 
| Ancient of Lore | 2 |  | 
| Boneyard | 1 |  | 
| Castle | 3 |  | 
| Workshop | 2 |  | 
                121 total
 » build order
                00:14 Altar of Kings
00:17 Farm
00:23 Scout Tower
00:51 Arcane Tower
01:18 Farm
01:41 Arcane Vault
01:50 Lumber Mill
02:27 Scout Tower
02:30 Scout Tower
02:34 Scout Tower
03:03 Guard Tower
04:26 Guard Tower
04:33 Blacksmith
04:36 Farm
04:36 Farm
04:37 Farm
04:37 Farm
04:39 Scout Tower
04:45 Scout Tower
04:45 Scout Tower
05:48 Farm
05:49 Farm
06:09 Ancient of Wonders
06:48 Moon Well
06:51 Moon Well
07:03 Ancient Protector
07:06 Ancient Protector
07:19 Halls of the Dead
07:19 Halls of the Dead
07:24 Graveyard
07:29 Ziggurat
07:30 Ziggurat
07:32 Ziggurat
07:33 Ziggurat
07:34 Tomb of Relics
07:39 Nerubian Tower
08:00 Keep
08:02 Blacksmith
08:55 Moon Well
08:59 Tree of Ages
09:07 Ancient of War
09:10 Guard Tower
09:13 Scout Tower
09:13 Scout Tower
09:15 Scout Tower
09:20 Keep
09:23 Barracks
09:23 Barracks
09:27 Scout Tower
09:29 Scout Tower
09:29 Scout Tower
09:47 Arcane Vault
09:53 Scout Tower
09:53 Scout Tower
09:54 Scout Tower
09:55 Scout Tower
10:18 Black Citadel
10:21 Temple of the Damned
10:23 Temple of the Damned
10:25 Ziggurat
10:25 Ziggurat
11:11 Necropolis
11:20 Spirit Tower
11:27 Guard Tower
12:16 Scout Tower
12:18 Scout Tower
12:19 Scout Tower
13:24 Town Hall
13:30 Town Hall
13:33 Guard Tower
13:55 Sacrificial Pit
14:27 Tree of Eternity
14:28 Tree of Eternity
14:35 Ancient of Lore
14:38 Ancient of Lore
14:58 Boneyard
15:18 Farm
15:18 Farm
15:19 Farm
15:19 Farm
15:27 Lumber Mill
17:23 Moon Well
18:43 Spirit Tower
18:51 Guard Tower
21:29 Castle
21:33 Workshop
21:34 Workshop
21:49 Scout Tower
21:50 Scout Tower
21:51 Scout Tower
21:52 Scout Tower
21:55 Scout Tower
22:01 Castle
22:01 Castle
22:32 Guard Tower
23:54 Town Hall
26:44 Farm
27:00 Guard Tower
27:02 Scout Tower
27:03 Scout Tower
33:41 Guard Tower
33:46 Scout Tower
33:48 Scout Tower
33:50 Scout Tower
33:51 Scout Tower
33:52 Scout Tower
33:53 Scout Tower
33:54 Scout Tower
33:55 Scout Tower
33:55 Scout Tower
33:56 Scout Tower
33:56 Scout Tower
37:53 Guard Tower
42:41 Scout Tower
42:42 Scout Tower
42:43 Scout Tower
42:44 Scout Tower
42:45 Scout Tower
42:47 Scout Tower
43:46 Guard Tower
44:37 Guard Tower
» items
                
                | Scroll of Regeneration | 1 |  | 
| Scroll of Town Portal | 17 |  | 
| Scroll of Healing | 1 |  | 
                19 total
  
               
               Chat log
          (00:08 / 8) gotenkspowerDBZ: air and control
(00:18 / Allies) GeneralSpecific: rush
(00:26 / Allies) rAnDii: k
(00:35 / 8) gotenkspowerDBZ: our team says rush of course
(00:49 / All) gotenkspowerDBZ: A PLAYER HAS LEFT GAME, ALL TEAMS SAY RUSH TO EACH OTHER
(00:51 / All) gotenkspowerDBZ: YAWN
(00:58 / 7) avid.milk26: its the rule of nuubs
(01:00 / All) llCaoCaoll: Eat a dick
(01:01 / All) GeneralSpecific: shhhhhh
(01:10 / All) GeneralSpecific: no one is supposed to hear
(01:12 / 7) avid.milk26: doesnt necessarily make sense beyonhd the fact that they know they cant handle mnanaging allys town
(01:20 / All) llCaoCaoll: Eat a fat dick 
(01:29 / All) GeneralSpecific: lol, your gay
(01:41 / All) gotenkspowerDBZ: blue is a chatty bitchens he was in that farms game on market square
(01:58 / 7) avid.milk26: ew
(02:10 / 7) avid.milk26: whats with the dbz name?
(02:16 / 8) gotenkspowerDBZ: lol
(02:20 / 8) gotenkspowerDBZ: wanted something gay
(02:39 / 7) avid.milk26: lol
(04:03 / Allies) GeneralSpecific: lets go pink
(04:13 / Allies) rAnDii: k
(04:17 / Allies) rAnDii: im purple..
(04:21 / 7) avid.milk26: just leavge?
(04:21 / 8) gotenkspowerDBZ: mass and ill try to control 
(04:23 / 7) avid.milk26: this is a gy game
(04:26 / Allies) GeneralSpecific: i was talkin to pinkl
(04:30 / 8) gotenkspowerDBZ: tiower up
(04:34 / Allies) rAnDii: aww
(04:39 / Allies) GeneralSpecific: u can come too
(04:43 / All) rAnDii: ill com neways
(04:43 / 8) gotenkspowerDBZ: tp all blue
(04:46 / 8) gotenkspowerDBZ: uir in trouble
(05:10 / 8) gotenkspowerDBZ: tp him ou thten
(06:00 / Allies) GeneralSpecific: wtf were you killing pink?
(06:05 / Allies) cardiomyopathy: everything
(06:08 / 8) gotenkspowerDBZ: lol
(06:10 / Allies) GeneralSpecific: not units
(06:17 / Allies) cardiomyopathy: was opening up the way
(06:22 / 8) gotenkspowerDBZ: "wtf were you killing pink" "everything"
(06:22 / Allies) cardiomyopathy: i thought eveyone was coming
(06:25 / Allies) GeneralSpecific: kill units next time
(06:27 / 8) gotenkspowerDBZ: arguing time
(06:37 / Allies) cardiomyopathy: tier 1 units
(06:41 / Allies) cardiomyopathy: wont mattter
(06:50 / 8) gotenkspowerDBZ: mass ranged at all bases
(08:39 / 8) gotenkspowerDBZ: look at purps base
(08:54 / 8) gotenkspowerDBZ: look at pinks wood
(08:55 / 8) gotenkspowerDBZ: good lord
(08:57 / 8) gotenkspowerDBZ: LOL
(09:27 / Allies) rAnDii: agen?
(09:30 / Allies) cardiomyopathy: no way
(09:34 / Allies) rAnDii: lol
(10:03 / Allies) GeneralSpecific: spend your gold green
(10:05 / Allies) gotenkspowerDBZ: wow guys got enough tier 1?
(10:23 / 8) gotenkspowerDBZ: lol
(10:32 / Allies) GeneralSpecific: anyone got spare woodÉ
(10:33 / Allies) gotenkspowerDBZ: you do realize 2 taurens can kill like 40 foots and ghouls
(10:37 / Allies) cardiomyopathy: yeah
(10:39 / Allies) rAnDii: can i share green?
(10:53 / 8) gotenkspowerDBZ: what?
(11:11 / 8) gotenkspowerDBZ: can you share what
(11:54 / Allies) GeneralSpecific: can you quit it green
(13:13 / 8) gotenkspowerDBZ: should i tk now?
(14:11 / Allies) GeneralSpecific: WTF
(14:19 / Allies) cardiomyopathy: what happend
(14:26 / Allies) GeneralSpecific: green is killing me
(14:31 / Allies) cardiomyopathy: dude stop
(14:32 / Allies) rAnDii: y green
(14:37 / 8) gotenkspowerDBZ: im tkin orn
(14:40 / Allies) GeneralSpecific: lol
(14:44 / 7) avid.milk26: should i hit?
(14:46 / Allies) cardiomyopathy: green come on lets win
(14:46 / Allies) GeneralSpecific: weird
(14:49 / Allies) cardiomyopathy: then u can do what u want
(15:13 / Allies) gotenkspowerDBZ: u cant make me do shit im the fukin boss
(15:20 / Allies) GeneralSpecific: you mooch exp form me all gamer
(15:30 / Allies) GeneralSpecific: fucking boss of the gay bar
(16:07 / Allies) GeneralSpecific: lol, to funny
(16:17 / Allies) GeneralSpecific: omg your killing me
(16:25 / Allies) GeneralSpecific: im sooo ma
(16:41 / 8) gotenkspowerDBZ: leave now
(16:45 / 8) gotenkspowerDBZ: pp[s
(16:46 / 8) gotenkspowerDBZ: not u
(16:47 / 8) gotenkspowerDBZ: not u
(16:53 / All) gotenkspowerDBZ: orange if you leav enow
(16:56 / All) gotenkspowerDBZ: ill let my team win
(16:58 / All) gotenkspowerDBZ: if not ill keep tk
(17:02 / Allies) GeneralSpecific: wtf do i care
(17:09 / Allies) GeneralSpecific: a loss
(17:11 / All) gotenkspowerDBZ: u might bnot but they do
(17:13 / All) gotenkspowerDBZ: dont ruin it for htem
(17:15 / Allies) GeneralSpecific: OMG
(17:21 / Allies) GeneralSpecific: your the retard
(17:29 / Allies) GeneralSpecific: wtf do i care
(17:42 / Allies) GeneralSpecific: this wont be my first loss, or my last
(17:49 / Allies) rAnDii: r we gonna attack?
(17:58 / Allies) GeneralSpecific: greens gonna attck u, lol
(18:02 / All) gotenkspowerDBZ: no 
(18:03 / All) gotenkspowerDBZ: just u orange
(18:04 / All) gotenkspowerDBZ: not htem
(18:07 / Allies) rAnDii: is he?
(18:18 / Allies) GeneralSpecific: fuck your a baby
(18:24 / All) gotenkspowerDBZ: how am i a baby?
(18:27 / Allies) GeneralSpecific: cuz i didnt want you mooching my exp
(18:28 / All) gotenkspowerDBZ: youd idnt do anything to make me mad
(18:31 / Allies) GeneralSpecific: so you tk
(18:33 / All) gotenkspowerDBZ: i just picked you at random
(18:42 / Allies) GeneralSpecific: lol, go get a life
(18:47 / All) gotenkspowerDBZ: let me eat some footies avid milk
(19:02 / All) gotenkspowerDBZ: send me some footies
(19:26 / All) gotenkspowerDBZ: yum xp
(19:48 / Allies) GeneralSpecific: expand purp
(20:20 / 8) gotenkspowerDBZ: should i try and give htem hope?
(20:24 / 8) gotenkspowerDBZ: or just continue with tk?
(20:32 / 7) avid.milk26: hope
(20:46 / 8) gotenkspowerDBZ: k i kill blue
(20:56 / Allies) gotenkspowerDBZ: omfg orange ruined pinks base
(20:59 / Allies) gotenkspowerDBZ: what a baby
(21:06 / Allies) GeneralSpecific: lol
(21:14 / Allies) GeneralSpecific: im pretty sure you did
(21:34 / 8) gotenkspowerDBZ: mass towers at ur base just in case
(22:07 / 7) avid.milk26: pink has a lot
(22:36 / 8) gotenkspowerDBZ: 2 wyrms dathpacke lol
(23:39 / All) rAnDii: wtf gree
(23:59 / Allies) GeneralSpecific: lol, thats actually pretty clever
(24:06 / All) rAnDii: then he stopeed
(24:43 / 8) gotenkspowerDBZ: feed me more or they will lose hope
(25:04 / Allies) GeneralSpecific: green, what your mission in this game
(25:12 / 7) avid.milk26: hold your position
(25:15 / Allies) gotenkspowerDBZ: to win without help from you all
(25:20 / 7) avid.milk26: if i screw ujp it foucld hurt you
(25:20 / Allies) GeneralSpecific: ok
(25:25 / Allies) GeneralSpecific: just curious
(25:27 / Allies) rAnDii: i nned gold
(25:32 / Allies) rAnDii: some1 gimme some
(25:33 / Allies) rAnDii: plz
(26:12 / Allies) rAnDii: can some 1 gimme gold to build hall
(26:32 / Allies) GeneralSpecific: i got none
(27:20 / Allies) GeneralSpecific: your upkeep is gonna be insame green, lol
(27:25 / Allies) GeneralSpecific: insane
(27:34 / 8) gotenkspowerDBZ: idc, as long as i mine enough gold ill still have some
(27:36 / 8) gotenkspowerDBZ: oops
(27:41 / Allies) gotenkspowerDBZ: idc, as long as i keep mining ill be fine
(27:49 / Allies) gotenkspowerDBZ: they only have like one mine
(27:52 / Allies) GeneralSpecific: i know, just humerous
(29:22 / 8) gotenkspowerDBZ: purp has no gold
(29:25 / 8) gotenkspowerDBZ: orange has no gold to give him
(29:35 / 8) gotenkspowerDBZ: only pink is functional and he is shared control left game
(29:45 / 7) avid.milk26: should i attack anywhere
(29:56 / 8) gotenkspowerDBZ: yeah purp and oranges bases
(29:59 / 8) gotenkspowerDBZ: maybe feed me a bit more
(30:03 / 8) gotenkspowerDBZ: ur look too strong as is
(31:07 / 8) gotenkspowerDBZ: shit tanks
(32:59 / 8) gotenkspowerDBZ: lol yeah get purps amin
(33:02 / 8) gotenkspowerDBZ: hes mining long distance
(33:17 / 7) avid.milk26: i got his altar
(33:21 / 7) avid.milk26: his morale is now broken
(33:47 / 8) gotenkspowerDBZ: leave pink alone
(33:52 / 8) gotenkspowerDBZ: im gonna keep putting acos in shade pit
(34:36 / Allies) rAnDii: some1 gimme money!
(34:40 / Allies) rAnDii: 200 gold
(34:43 / Allies) rAnDii: thats it
(34:46 / Allies) GeneralSpecific: i cant
(34:52 / Allies) rAnDii: green plz
(36:29 / All) rAnDii: yea im dead now
(36:45 / 8) gotenkspowerDBZ: let me eat some more rifles
(36:49 / 8) gotenkspowerDBZ: u look too scary
(37:45 / 7) avid.milk26: no attack purp?
(37:53 / 8) gotenkspowerDBZ: not yet
(37:57 / 8) gotenkspowerDBZ: maybe kill his miners and run
(38:03 / Allies) GeneralSpecific: why all the shades
(38:04 / 8) gotenkspowerDBZ: yeah raid his miners then run
(38:07 / 8) gotenkspowerDBZ: and lose a few units in retreat
(38:18 / Allies) GeneralSpecific: lol
(38:40 / 7) avid.milk26: you should have stored up those shades instead of sending htem to die
(38:45 / 8) gotenkspowerDBZ: they sent them in
(39:02 / 7) avid.milk26: retards
(39:12 / 8) gotenkspowerDBZ: oh no thats the gather point for a place maybe
(39:17 / 8) gotenkspowerDBZ: but that group of 3 they sent
(39:28 / All) avid.milk26: send me more shades
(39:36 / All) avid.milk26: free xp
(39:45 / All) GeneralSpecific: hjes doing that to fuck up pink on purpose....
(39:46 / 8) gotenkspowerDBZ: shades dont give xp
(39:55 / Allies) gotenkspowerDBZ: he has no mines
(39:58 / 7) avid.milk26: they dont?
(39:59 / Allies) gotenkspowerDBZ: he cant win now with my towers
(40:01 / 8) gotenkspowerDBZ: i dont think so
(40:04 / 7) avid.milk26: iu thought they were like an aco
(40:12 / 8) gotenkspowerDBZ: idk
(40:18 / 8) gotenkspowerDBZ: go kill purp now
(40:24 / 7) avid.milk26: yes they doi
(40:27 / 7) avid.milk26: i just levelled upf rom them
(40:30 / 8) gotenkspowerDBZ: o
(41:16 / Allies) rAnDii: help
(43:13 / Allies) rAnDii: there u go0
(44:07 / 7) avid.milk26: too bad your ultimate isnt teleport
(44:15 / 7) avid.milk26: if only you had gotten the only human hero
(44:16 / 8) gotenkspowerDBZ: y?
(44:23 / 7) avid.milk26: its 1158
(44:26 / 7) avid.milk26: is your internet going to cut out?
(44:45 / 8) gotenkspowerDBZ: i dont think so
(44:46 / 8) gotenkspowerDBZ: is urs?
(44:50 / 7) avid.milk26: no
(44:52 / 7) avid.milk26: but at 12
(44:56 / 7) avid.milk26: i thought youres wentout
(45:03 / Allies) GeneralSpecific: lol
(45:25 / Allies) GeneralSpecific: i cant beleive you arent gonna win this
(45:31 / Allies) gotenkspowerDBZ: ???
(45:38 / Allies) gotenkspowerDBZ: he has no income, i have 100 food, gold and towers
(45:47 / Allies) GeneralSpecific: he has towers too
(45:48 / 7) avid.milk26: youd think hed try to unsummon those sacrificial pits
(45:53 / 8) gotenkspowerDBZ: lol
(46:05 / Allies) GeneralSpecific: and WAY more units then you
(46:06 / 7) avid.milk26: shades cant go through my own units?
(46:11 / 7) avid.milk26: my shades that is
(46:13 / Allies) gotenkspowerDBZ: im telling you he has no chacne
(46:15 / Allies) GeneralSpecific: if you fight hes gonna attck your main base and your fucked
(46:20 / 8) gotenkspowerDBZ: they can but they dont like to
(46:27 / Allies) gotenkspowerDBZ: he has no chance
(46:35 / 7) avid.milk26: i have one trapped
(46:36 / Allies) gotenkspowerDBZ: if he hits my main i fight ther and he dis
(46:50 / Allies) GeneralSpecific: your just gonaa waut
(47:07 / Allies) GeneralSpecific: whats the point of killing pink
(47:19 / 8) gotenkspowerDBZ: watch this
(47:22 / Allies) gotenkspowerDBZ: watch this
(47:37 / 7) avid.milk26: lol
(47:50 / Allies) GeneralSpecific: lol
(48:00 / Allies) rAnDii: lol how?
(48:02 / 8) gotenkspowerDBZ: move the light shiled one
(48:09 / 8) gotenkspowerDBZ: try to look active
(48:13 / Allies) gotenkspowerDBZ: i think hes afk lol
(48:25 / Allies) GeneralSpecific: prolly 
(48:33 / Allies) rAnDii: not nemore
(48:57 / Allies) GeneralSpecific: id make more towers
(49:05 / Allies) GeneralSpecific: make em by red
(49:10 / 8) gotenkspowerDBZ: go kill oranges base
(49:24 / Allies) gotenkspowerDBZ: ill chekd expos thats what matters now is gold flow
(51:37 / Allies) GeneralSpecific: why dont u use all 5?
(53:14 / 7) avid.milk26: kill pink?
(53:34 / 8) gotenkspowerDBZ: ya
(54:10 / 8) gotenkspowerDBZ: now go home and kill me
(54:14 / 8) gotenkspowerDBZ: at ur base
(54:58 / All) rAnDii: gg
(55:12 / Allies) GeneralSpecific: you played that dumb
(55:37 / Allies) gotenkspowerDBZ: nah
(55:40 / Allies) gotenkspowerDBZ: i can rebuild he cant
(55:45 / Allies) GeneralSpecific: umm yah
(55:51 / Allies) GeneralSpecific: you may still win but that was dumb
(56:04 / Allies) rAnDii: u think he can win?
(56:07 / Allies) GeneralSpecific: yah
(56:25 / All) rAnDii: lol
(56:33 / 7) avid.milk26: kill or no
(56:39 / 8) gotenkspowerDBZ: do ur worst, idc
(56:45 / 8) gotenkspowerDBZ: its a good show for my team
(57:03 / All) gotenkspowerDBZ: wopw nice hacks
(57:07 / All) gotenkspowerDBZ: how do u know where to twalk
(57:23 / All) avid.milk26: flare ...
(58:19 / Allies) rAnDii: u have most of the gold mines
(58:27 / Allies) rAnDii: r they outta money?
(58:31 / Allies) GeneralSpecific: yeah
(58:32 / 7) avid.milk26: is this gonna be your last game/
(58:34 / 7) avid.milk26: ?
(58:34 / Allies) rAnDii: nice
(58:36 / 8) gotenkspowerDBZ: no
(58:43 / 8) gotenkspowerDBZ: damn didnt eralize itw as this late
(58:45 / 7) avid.milk26: even though its 12 am?
(58:54 / 8) gotenkspowerDBZ: today i slept like 4pm-8pm or something
(58:56 / Allies) rAnDii: green got mad doe
(59:10 / Allies) rAnDii: he even blocke me from money
(59:10 / Allies) GeneralSpecific: cuz he fucked us over
(59:20 / Allies) GeneralSpecific: yeah sabatoged pink
(59:23 / Allies) GeneralSpecific: killed me
(59:32 / Allies) GeneralSpecific: pretty gay, but whatever
(60:15 / 8) gotenkspowerDBZ: err shit
(60:19 / 8) gotenkspowerDBZ: how do we end this now
(60:22 / All) avid.milk26: thats ok i have 10k gold and wood and five bases
(60:25 / All) GeneralSpecific: can we finally end this?
(60:30 / All) avid.milk26: no
(60:37 / All) GeneralSpecific: we have shades everywhere
(60:42 / All) rAnDii: u dont have 5 bases
(60:49 / All) avid.milk26: you dont have shades anywhere
(61:02 / All) rAnDii: hey!
(61:07 / All) rAnDii: o0o0o0
(61:17 / 7) avid.milk26: im at zero gold
(61:21 / All) rAnDii: how do u attack team mates?
(61:29 / All) GeneralSpecific: hes done it all game
(61:36 / All) rAnDii: i kno
(61:41 / All) rAnDii: just how to now
(61:55 / All) gotenkspowerDBZ: LOL
(61:56 / All) gotenkspowerDBZ: lol
(62:01 / All) gotenkspowerDBZ: you have to press 'a'
(62:04 / All) avid.milk26: lol you guys stuck around this long just to get teamkilled to death
(62:05 / All) gotenkspowerDBZ: then LEFT click their unit
(62:14 / All) rAnDii: yup
(62:15 / All) gotenkspowerDBZ: he didnt know how to attk allied unit
(62:17 / All) gotenkspowerDBZ: lmfao 
(62:19 / All) rAnDii: im learning how to play
(62:21 / All) rAnDii: new at this
(62:23 / All) gotenkspowerDBZ: RIGHT CLICKER
(62:26 / All) GeneralSpecific: i thought it was a moral question
(62:27 / All) gotenkspowerDBZ: RIGHT CLICKER
(62:31 / All) avid.milk26: you didnt play the campaign?
(62:35 / All) rAnDii: nope
(62:37 / All) rAnDii: nvr
(62:43 / All) gotenkspowerDBZ: the only new players to this game somehow hear about dota
(62:44 / All) GeneralSpecific:  i nvr have either
(62:45 / All) rAnDii: i play online onlty
(62:47 / All) gotenkspowerDBZ: before they know what wc3 is
(62:51 / All) avid.milk26: but then you didnt hear the story of arthas
(62:54 / All) avid.milk26: and his demon blade
(62:58 / All) GeneralSpecific: ive never played dota
(63:04 / All) rAnDii: dota = best
(63:07 / All) rAnDii: love it
(63:10 / All) avid.milk26: no wonder youre so bad
(63:14 / All) rAnDii: lol
(63:14 / All) avid.milk26: dota players suck @ ladder
(63:19 / All) rAnDii: rihgt...
(63:24 / All) GeneralSpecific: i  hate custom games
(63:24 / All) gotenkspowerDBZ: its true, its true
(63:24 / All) avid.milk26: because dota takes no skill
(63:26 / All) rAnDii: im w8 4 red alert 3
(63:27 / All) avid.milk26: you get one unit
(63:34 / All) rAnDii: i was red alert 2 god bad in the day
(63:49 / All) rAnDii: bac*
(64:16 / All) avid.milk26: is that command and conquer?
(64:20 / All) rAnDii: yea
(64:26 / All) rAnDii: red alert so0 fun
(64:37 / All) avid.milk26: that game is crappy compared to wc3
(64:40 / All) GeneralSpecific: whats the p0oint of this green?
(64:41 / All) rAnDii: finally after so many years comin out wit new 1
(64:41 / All) avid.milk26: all you do is mass prism tanks
(64:48 / All) rAnDii: fuck that
(64:53 / All) rAnDii: just tanks
(64:57 / All) rAnDii: i hate prism
(65:07 / All) rAnDii: n desolators
(65:09 / All) rAnDii: lol
(65:20 / 8) gotenkspowerDBZ: hes probably awful at all the games he plays
(65:31 / 7) avid.milk26: yeah really
(65:36 / All) GeneralSpecific: too bad our shades couldnt fight each other
(65:38 / 7) avid.milk26: everyone knows prism tanks are way imbalandced
(65:46 / 7) avid.milk26: he probably says "nuub prism tanks"
(65:52 / 7) avid.milk26: just like people say "noob towers"
(65:53 / All) GeneralSpecific: green mustve made 40 shades with pink
(66:22 / All) GeneralSpecific: you get win red
(66:31 / Allies) gotenkspowerDBZ: no im going to kill him
(66:35 / Allies) gotenkspowerDBZ: im leaving htat one pink building
(66:41 / Allies) GeneralSpecific: lol
(66:44 / 7) avid.milk26: lol my gay ally left because i
(66:50 / All) rAnDii: lol
(66:50 / 7) avid.milk26: was controlling hte hero of the guy wholeft
(66:56 / All) rAnDii: go0 get it
(66:58 / 7) avid.milk26: he wasnt even using it
(67:02 / 7) avid.milk26: he wanted it to sit in its base
(67:17 / 7) avid.milk26: i just used to to creep and healed it back up and sent it home and he shit his pants and left
(67:26 / 8) gotenkspowerDBZ: that cao cao guy?
(67:28 / All) rAnDii: lol
(67:35 / 7) avid.milk26: no teal
(67:36 / 8) gotenkspowerDBZ: he was the pants pooper who i got the orc to TK in the farms game
(67:37 / 8) gotenkspowerDBZ: oh
(67:41 / 7) avid.milk26: blue was a retard
(67:47 / 7) avid.milk26: he didnt pick a hero power
(67:50 / 7) avid.milk26: fifty minutes into game
(67:51 / Allies) GeneralSpecific: this your first game green with this acct?
(67:55 / 7) avid.milk26: and he had 1 woodcutter
(67:57 / Allies) gotenkspowerDBZ: yeah
(68:00 / 7) avid.milk26: his base was in shambles when i got control of it
(68:01 / Allies) gotenkspowerDBZ: my aka is kodos_forsaken
(68:21 / All) GeneralSpecific: impressive
(68:23 / Allies) gotenkspowerDBZ: i have all the 1500 icons
(68:34 / All) rAnDii: ur go0d...
(68:36 / Allies) GeneralSpecific: not with that acct
(68:46 / 8) gotenkspowerDBZ: yeah with that one
(68:47 / Allies) GeneralSpecific: only lvl 22
(68:50 / Allies) gotenkspowerDBZ: profile it
(68:54 / Allies) gotenkspowerDBZ: after game
(68:59 / Allies) GeneralSpecific: k
(69:31 / 8) gotenkspowerDBZ: call arms
(70:32 / 7) avid.milk26: leave a peon
(70:38 / 7) avid.milk26: kill all ur buildings but one
(70:40 / All) GeneralSpecific: how did i get more gold
(70:42 / 7) avid.milk26: and make that one low heatlth
(70:48 / 8) gotenkspowerDBZ: kk
(70:51 / 7) avid.milk26: then kill all units but one peon
(70:54 / 8) gotenkspowerDBZ: lol
(71:01 / 7) avid.milk26: and let me hurt it to lower health than mine
(71:33 / 8) gotenkspowerDBZ: hide ur peon safe
(73:16 / 7) avid.milk26: maybe we should make it to where he has one fighting unit
(73:21 / 7) avid.milk26: andmy peon is attacking your last building
(73:31 / 7) avid.milk26: and he has to run the knight to my peon in time to stop me from killing him
(73:40 / 8) gotenkspowerDBZ: lol
(73:41 / 8) gotenkspowerDBZ: ok
(73:45 / 8) gotenkspowerDBZ: or the hero better yet
(73:53 / 8) gotenkspowerDBZ: no nvm a knight is better
(74:48 / All) rAnDii: we win?
(74:54 / Allies) GeneralSpecific: nah
(74:57 / 8) gotenkspowerDBZ: yeah
(75:00 / 8) gotenkspowerDBZ: youll see
(75:04 / All) avid.milk26: knights are training
(75:06 / Allies) GeneralSpecific: depends what gets killed first
(75:08 / 7) avid.milk26: you just said htat to me
(75:09 / All) rAnDii: i see
(75:19 / All) rAnDii: lol we lose
(75:28 / All) rAnDii: he stopped
(75:33 / Allies) GeneralSpecific: i bet the knight wins!
(75:51 / 8) gotenkspowerDBZ: dont go in yet
(75:53 / 8) gotenkspowerDBZ: wait
(75:59 / 8) gotenkspowerDBZ: uyntil altar is low ehalth
(76:03 / 8) gotenkspowerDBZ: then i will run knight across map
(76:05 / 8) gotenkspowerDBZ: and leave game
(77:19 / All) rAnDii: ...
(77:20 / All) gotenkspowerDBZ: one more hit to kill the altar
(77:29 / Allies) GeneralSpecific: yup
(77:34 / All) gotenkspowerDBZ: my knight wants to return to his birth land and tell his people about the good news
(77:38 / All) gotenkspowerDBZ: before he ends the game
(77:42 / All) rAnDii: ...
(77:43 / All) GeneralSpecific: he should
(77:43 / All) avid.milk26: there are no creeps left on the map for it to die to
(77:47 / 8) gotenkspowerDBZ: get ready to go in
(77:48 / 8) gotenkspowerDBZ: get close
(77:49 / 8) gotenkspowerDBZ: go in
(77:55 / All) gotenkspowerDBZ: WHAT
(77:59 / All) gotenkspowerDBZ: WHERE IS HIS VILLAGE
(78:02 / All) gotenkspowerDBZ: WHERE ARE HIS FAMILY?
(78:05 / All) gotenkspowerDBZ: HIS HEART IS BROKEN...
(78:12 / All) gotenkspowerDBZ: onjce there was a man who tried ot make his skill numbe rone
(78:15 / All) gotenkspowerDBZ: but because of his bloody life
(78:17 / All) gotenkspowerDBZ: he was hin the torubels
(78:17 / All) rAnDii: lol
(78:19 / 8) gotenkspowerDBZ: make it clsoe
(78:19 / 8) gotenkspowerDBZ: close
(78:20 / All) rAnDii: we lose
(78:20 / Allies) GeneralSpecific: LOL
(78:21 / 8) gotenkspowerDBZ: dont kill yet